 Dungeon Crawl Stone Soup version 0.28-a0-872-g80cf8599ee (webtiles) character file.

Game seed: 2156970053524950275

12871 ders the Geomancer (level 12, -10/59 HPs)
             Began as a Gargoyle Earth Elementalist on Nov 20, 2021.
             Was an Elder of Vehumet.
             Mangled by a boulder beetle (25 damage)
             ... on level 1 of the Lair of Beasts.
             The game lasted 00:19:09 (13660 turns).

ders the Geomancer (Gargoyle Earth Elementalist)   Turns: 13660, Time: 00:19:09

Health: -10/59     AC: 16    Str: 13    XL:     12   Next: 0%
Magic:  1/26       EV: 15    Int: 20    God:    Vehumet [****..]
Gold:   535        SH:  0    Dex: 10    Spells: 19/31 levels left

rFire   . . .      SeeInvis +   y - staff of earth
rCold   . . .      Faith    +   (no shield)
rNeg    + . .      Spirit   .   b - +0 robe
rPois   ∞          Reflect  .   (no helmet)
rElec   +          Harm     .   E - +2 cloak
rCorr   .          Rampage  .   (no gloves)
Will    .....                   e - +2 pair of boots
Stlth   ++........              n - amulet of faith
HPRegen 0.19/turn               z - ring of see invisible
MPRegen 0.20/turn               l - +4 ring of evasion

@: no status effects
A: sickness immunity, AC +8, negative energy resistance 1, electricity
resistance, torment resistance 1, petrification resistance
a: Renounce Religion


You were on level 1 of the Lair of Beasts.
You worshipped Vehumet.
Vehumet was greatly pleased with you.
You visited 2 branches of the dungeon, and saw 13 of its levels.

You collected 535 gold pieces.

Inventory:

Hand Weapons
 i - a +0 dagger
 p - a +6 short sword of draining
Missiles
 c - 139 stones (quivered)
Armour
 b - a +0 robe (worn)
 e - a +2 pair of boots (worn)
 E - a +2 cloak (worn)
Magical Staves
 y - a staff of earth (weapon)
Jewellery
 f - a +6 ring of dexterity
 l - a +4 ring of evasion (right hand)
 n - an amulet of faith (around neck)
 z - a ring of see invisible (left hand)
 F - a ring of resist corrosion
Wands
 r - a wand of flame (53)
 B - a wand of iceblast (9)
 D - a wand of polymorph (10)
Scrolls
 d - 3 scrolls of enchant armour
 h - 3 scrolls of magic mapping
 j - 5 scrolls of teleportation
 k - a scroll of torment
 m - 2 scrolls of vulnerability
 q - 2 scrolls of amnesia
 u - a scroll of enchant weapon
 w - a scroll of blinking
 H - a scroll of immolation {unknown}
Potions
 a - 7 potions of curing
 g - 5 potions of degeneration
 o - 2 potions of flight
 s - a potion of invisibility
 t - a potion of mutation
 v - a potion of berserk rage
 x - a potion of attraction
 A - a potion of might {unknown}
 C - a potion of magic {unknown}
 G - a potion of heal wounds {unknown}
 I - a potion of brilliance {unknown}


   Skills:
 - Level 1.5 Dodging
 - Level 2.1 Stealth
 + Level 10.3 Spellcasting
 + Level 11.9 Conjurations
 - Level 0.7 Transmutations
 + Level 13.4 Earth Magic


You had 19 spell levels left.
You knew the following spells:

 Your Spells              Type           Power      Damage    Failure   Level
a - Sandblast             Erth           100%       2d20      1%          1
b - Stone Arrow           Conj/Erth      100%       3d13      1%          3
c - Petrify               Tmut/Erth      55%        N/A       3%          4
d - Fulminant Prism       Conj/Hex       17%        3d11      1%          4

Your spell library contained the following spells:

 Spells                   Type           Power      Damage    Failure   Level
 Olgreb's Toxic Radiance  Pois           10%        N/A       17%         4
 Magic Dart               Conj           100%       1d8       1%          1
 Passwall                 Tmut/Erth      45%        N/A       1%          2
 Mephitic Cloud           Conj/Pois/Air  26%        N/A       1%          3
 Animate Armour           Summ/Erth      100%       N/A       4%          4
 Irradiate                Conj/Tmut      17%        3d19      4%          5
 Call Imp                 Summ           10%        N/A       10%         2
 Lehudib's Crystal Spear  Conj/Erth      37%        10d9      50%         8
 Blade Hands              Tmut           6%         N/A       80%         5
 Dragon Form              Tmut           6%         N/A       100%        7


Dungeon Overview and Level Annotations

Branches:
Dungeon (12/15)            Temple (0/1) D:4            Lair (1/6) D:10
    Orc (0/2) D:10

Altars:
Ashenzari
Dithmenos
Gozag
Nemelex Xobeh
Okawaru
Vehumet
Wu Jian
Yredelemnul
Beogh
Jiyva

Shops:
D:8 *   D:11 *[

Annotations:
D:12 Fannar


Innate Abilities, Weirdness & Mutations

You are immune to sickness and miasma.
Your stone body is resilient. (AC +8)
You are immune to poison.
You resist negative energy. (rN+)
You are resistant to electric shocks. (rElec)
You are resistant to unholy torment.
You are immune to petrification.


Message History

The eight-headed hydra is severely wounded.
The boulder beetle leaps!
Casting: Stone Arrow (safe; 1% risk of failure)
Confirm with . or Enter, or press ? or * to list all spells.
Aiming: Sandblast (safe; 1% risk of failure)
Press: ? - help, Shift-Dir - straight line, f/p - eight-headed hydra
Aim: an eight-headed hydra (severely wounded, petrified, 100% to hit)
You feel a surge of power!
The blast of sand hits the eight-headed hydra!!
The eight-headed hydra is almost dead.
c - 140 stones The eight-headed hydra is no longer petrified.
The eight-headed hydra bites you! The eight-headed hydra bites you.
The eight-headed hydra closely misses you.
The eight-headed hydra completely misses you.
The eight-headed hydra bites you!
* * * LOW HITPOINT WARNING * * *
The eight-headed hydra barely misses you.
The eight-headed hydra bites you but does no damage.
The eight-headed hydra bites you.
* * * LOW HITPOINT WARNING * * *
The boulder beetle curls into a ball and begins rolling!
Unknown command.
Casting: Sandblast (safe; 1% risk of failure)
Confirm with . or Enter, or press ? or * to list all spells.
Aiming: Sandblast (safe; 1% risk of failure)
Press: ? - help, Shift-Dir - straight line, f/p - eight-headed hydra
Aim: an eight-headed hydra (almost dead, 94% to hit)
You feel a surge of power!
The blast of sand hits the eight-headed hydra!
You kill the eight-headed hydra!
Vehumet accepts your kill.
c - 139 stones You have reached level 12!
Your experience leads to an increase in your attributes!
Increase (S)trength, (I)ntelligence, or (D)exterity?
You feel clever. x2
There is a staircase back to the Dungeon here.
The boulder beetle hits you!!
You die...

########
#......##
##(...°..#
#....°...#
#...○....#
#..B......
#.@....#..
##........
##†..#.##
....#
....#
....#
.=..#
...## ....


You could see a boulder beetle (rolling).

Vanquished Creatures
  A hydra (Lair:1)
  A death yak (D:10)
  Erica (D:8)
  4 two-headed ogres
  Maurice (D:9)
  Maggie (D:8)
  Psyche (D:12)
  2 trolls
  Prince Ribbit (D:7)
  11 yaks
  2 wyverns
  3 vampire mosquitoes (D:12)
  Edmund (D:5)
  An acid dragon (D:12)
  3 water moccasins
  2 orc warriors
  2 sky beasts (D:5)
  7 centaurs
  A black bear (D:4)
  A necrophage (D:5)
  An ogre (D:5)
  A kobold brigand (D:10)
  A gnoll sergeant (D:8)
  3 bullfrogs
  2 water moccasin zombies (D:5)
  A scorpion (D:4)
  2 water moccasin skeletons (D:5)
  10 killer bees
  2 electric eels (D:9)
  6 howler monkeys
  6 wights
  9 jellies
  2 bullfrog zombies
  2 centaur zombies
  2 hounds
  4 orc priests
  2 gnoll shamans
  5 hell rats (D:10)
  3 iguanas
  8 orc wizards
  A hound zombie (D:5)
  A hound skeleton (D:4)
  A howler monkey zombie (D:9)
  4 adders
  18 gnolls
  A shadow imp (D:7)
  3 white imps
  2 ufetubi (D:5)
  An adder skeleton (D:4)
  A worm (D:2)
  32 orcs
  9 bats
  9 endoplasms
  5 giant cockroaches
  4 goblins
  7 hobgoblins
  5 jackals
  10 kobolds
  3 quokkas (D:3)
  6 ball pythons
  2 frilled lizards
  5 rats
249 creatures vanquished.

Notes
Turn   | Place    | Note
-------+----------+-------------------------------------------
     0 | D:1      | ders the Gargoyle Earth Elementalist began the quest for
                  | the Orb.
     0 | D:1      | Reached XP level 1. HP: 10/10 MP: 3/3
   325 | D:1      | Reached XP level 2. HP: 13/15 MP: 0/5
   528 | D:1      | Reached skill level 1 in Conjurations
   650 | D:1      | Reached skill level 4 in Earth Magic
  1261 | D:2      | Reached XP level 3. HP: 19/19 MP: 2/6
  1322 | D:2      | Learned a level 3 spell: Stone Arrow
  1426 | D:2      | Reached XP level 4. HP: 24/24 MP: 2/8
  1793 | D:2      | Reached XP level 5. HP: 28/28 MP: 5/9
  2029 | D:2      | Reached skill level 5 in Earth Magic
  2356 | D:3      | Found a faded altar of an unknown god.
  3199 | D:4      | Found a radiant altar of Vehumet.
  3227 | D:4      | Became a worshipper of Vehumet
  3235 | D:4      | Reached XP level 6. HP: 28/32 MP: 6/11
  3365 | D:4      | Found a staircase to the Ecumenical Temple.
  3517 | D:4      | Noticed a black bear
  3521 | D:4      | Killed a black bear
  3522 | D:4      | Reached skill level 6 in Earth Magic
  3591 | D:4      | Reached XP level 7. HP: 36/36 MP: 0/13
  3949 | D:4      | Reached * piety under Vehumet
  3949 | D:4      | Offered knowledge of Magic Dart by Vehumet.
  4368 | D:5      | Entered Level 5 of the Dungeon
  4462 | D:5      | Noticed Edmund
  4464 | D:5      | Reached skill level 5 in Conjurations
  4473 | D:5      | Reached skill level 5 in Spellcasting
  4473 | D:5      | Reached skill level 7 in Earth Magic
  4473 | D:5      | Reached XP level 8. HP: 34/41 MP: 0/15
  4645 | D:5      | Killed Edmund
  4976 | D:5      | Reached skill level 8 in Earth Magic
  5451 | D:5      | Offered knowledge of Searing Ray by Vehumet.
  5533 | D:5      | Reached ** piety under Vehumet
  5643 | D:5      | Reached XP level 9. HP: 45/45 MP: 12/18
  5938 | D:6      | Found an ornate altar of the Wu Jian Council.
  6236 | D:6      | Found a sparkling altar of Nemelex Xobeh.
  6311 | D:6      | Found a shadowy altar of Dithmenos.
  6387 | D:6      | Identified the +3 leather armour "Xuere" {Str+2}
  6675 | D:6      | Learned a level 4 spell: Petrify
  7496 | D:7      | Reached skill level 9 in Earth Magic
  7644 | D:7      | Found a broken altar of Ashenzari.
  7754 | D:7      | Noticed Prince Ribbit
  7759 | D:7      | Killed Prince Ribbit
  8172 | D:8      | Found a viscous altar of Jiyva.
  8262 | D:8      | Noticed Maggie
  8269 | D:8      | Killed Maggie
  8377 | D:8      | Noticed a two-headed ogre
  8381 | D:8      | Killed a two-headed ogre
  8382 | D:8      | Reached skill level 10 in Earth Magic
  8459 | D:8      | Found Hauxke's Elemental Accessories.
  8483 | D:8      | Offered knowledge of Ignite Poison by Vehumet.
  8484 | D:8      | Reached XP level 10. HP: 46/50 MP: 8/21
  8494 | D:8      | Noticed Erica
  8734 | D:8      | Reached *** piety under Vehumet
  9057 | D:8      | Killed Erica
  9170 | D:8      | Found a basalt altar of Yredelemnul.
  9170 | D:8      | Found an opulent altar of Gozag.
  9587 | D:9      | Reached skill level 11 in Earth Magic
  9593 | D:9      | Offered knowledge of Fulminant Prism by Vehumet.
  9672 | D:9      | Learned a level 4 spell: Fulminant Prism
  9730 | D:9      | Noticed a two-headed ogre
  9734 | D:9      | Killed a two-headed ogre
  9735 | D:9      | Reached skill level 10 in Conjurations
  9886 | D:9      | Found an iron altar of Okawaru.
  9997 | D:9      | Noticed Maurice
 10003 | D:9      | Killed Maurice
 10323 | D:10     | Entered Level 10 of the Dungeon
 10328 | D:10     | Noticed a two-headed ogre
 10332 | D:10     | Killed a two-headed ogre
 10333 | D:10     | Reached skill level 12 in Earth Magic
 10333 | D:10     | Reached XP level 11. HP: 54/54 MP: 13/24
 10435 | D:10     | Noticed a death yak
 10444 | D:10     | Killed a death yak
 10685 | D:10     | Found a staircase to the Lair.
 10686 | D:10     | Noticed a death yak
 11471 | D:10     | Found a staircase to the Orcish Mines.
 11479 | D:10     | Reached **** piety under Vehumet
 11743 | D:10     | Offered knowledge of Olgreb's Toxic Radiance by Vehumet.
 11768 | D:10     | Noticed a two-headed ogre
 11769 | D:10     | Noticed a death yak
 11801 | D:9      | Killed a two-headed ogre
 12452 | D:11     | Found Bobbeumi's Antique Armour Shop.
 12891 | D:11     | Reached skill level 13 in Earth Magic
 12998 | D:11     | Found Muhyl's Assorted Antiques.
 13094 | D:12     | Noticed Psyche
 13097 | D:12     | Killed Psyche
 13098 | D:12     | Reached skill level 10 in Spellcasting
 13349 | D:12     | Noticed a boulder beetle
 13486 | D:12     | Noticed Fannar
 13647 | Lair:1   | Entered Level 1 of the Lair of Beasts
 13647 | Lair:1   | Noticed an eight-headed hydra
 13648 | Lair:1   | Noticed a boulder beetle
 13658 | Lair:1   | Killed an eight-headed hydra
 13659 | Lair:1   | Reached XP level 12. HP: 15/59 MP: 1/26
 13660 | Lair:1   | Mangled by a boulder beetle

Illustrated notes

Levels and vault maps discovered:
D:1:      lightli_arrival_statue_moat, layout_loops_corners
D:2:      layout_rooms, chequers_serial_rivers_large_a
D:3:      layout_loops_cross, hellmonk_ecumenical_altar_crossroads
D:4:      layout_basic, nicolae_vehumet_radiance, minmay_temple_entry_large_hall
D:5:      layout_basic, uniq_edmund
D:6:      layout_loops_cross, nicolae_wu_jian_immortal_techniques,
          mainiacjoe_overflow_24_doors, nemelex_spade_bored_becter,
          minmay_large_rounded_square
D:7:      layout_rooms, mainiacjoe_overflow_paths, uniq_prince_ribbit1
D:8:      layout_rooms, gammafunk_temple_overflow_elements,
          nicolae_elemental_shop, jiyva_altar_1, uniq_maggie, uniq_erica
D:9:      layout_rooms, okawaru_ov_weapons_minmay, serial_bayou_lagoon_b,
          uniq_maurice
D:10:     layout_irregular_city, dpeg_lair_monsters,
          minmay_orc_entry_temple_small, blue_anna_alchemist
D:11:     layout_long_grid, serial_shops, shop_statue, nicolae_square_shop
D:12:     layout_cave_pools, hangedman_abyss_or_decor_stagger,
          grunt_ministairs_15, uniq_psyche, uniq_fannar
Lair:1:   layout_cave_pods, portal_ice_cave_entry_pillars_1

Skill      XL: |  1  2  3  4  5  6  7  8  9 10 11 |
---------------+----------------------------------+-----
Conjurations   | 1 2 3 4 5 6 8 10 11 | 11.9
Earth Magic    | 4 5 6 7 8 10 12 13 | 13.4
Spellcasting   | 3 4 5 6 7 9 10 | 10.3
Dodging        | |  1.5
Stealth        | |  2.1
Transmutations | |  0.7

Action                   |  1- 3 |  4- 6 |  7- 9 | 10-12 || total
-------------------------+-------+-------+-------+-------++-------
Melee: Unarmed           |     5 |       |       |       ||     5
       Dagger            |       |     7 |       |       ||     7
       Short sword       |       |       |     8 |       ||     8
Throw: Stone             |       |       |       |     1 ||     1
       Throwing net      |       |       |       |     1 ||     1
 Cast: Sandblast         |    39 |    81 |    41 |    40 ||   201
       Stone Arrow       |       |     6 |   108 |   162 ||   276
       Petrify           |       |       |       |     1 ||     1
  Use: Scroll            |       |       |    12 |     9 ||    21
Armor: Robe              |     1 |    13 |    12 |    22 ||    48
Dodge: Dodged            |    14 |    18 |    44 |    84 ||   160

Table legend: (Time is in decaauts)
 A = Elapsed time spent in this place.
 B = Non-inter-level travel time spent in this place.
 C = Inter-level travel time spent in this place.
 D = Time resting spent in this place.
 E = Time spent auto-exploring this place.
 F = Levels seen in this place.
 G = Mean time per level.
                   A        B        C        D        E       F      G
               +--------+--------+--------+--------+--------+-----+--------+
         Total |  13708 |  12964 |    744 |   4812 |   6603 |  13 | 1054.5 |
       Dungeon |  13695 |  12951 |    744 |   4812 |   6603 |  12 | 1141.2 |
          Lair |     12 |     12 |      0 |      0 |      0 |   1 |   12.0 |
               +--------+--------+--------+--------+--------+-----+--------+

Top non-repeatable levels by time:
    D:10: 1634 daAuts
     D:4: 1634 daAuts
     D:7: 1359 daAuts
     D:1: 1256 daAuts
     D:9: 1149 daAuts
     D:2: 1140 daAuts
    D:11: 1129 daAuts
     D:6: 1091 daAuts
     D:8: 1056 daAuts
     D:5: 1019 daAuts
     D:3: 812 daAuts
    D:12: 411 daAuts
  Lair:1: 12 daAuts
